Map: Ruins of Seras

Players

Nerchio

  • Race: Zerg Zerg
  • League: Grandmaster

ShoWTimE - Winner!

  • Race: Protoss Protoss

Event: DreamHack ROCCAT LotV Championship

VOD

Have the link to the VOD?

Description

Time

  • Played on: Nov. 28, 2015, 9:23 a.m.
  • Length: 7:09

All games in this series

Show
View Real Time Build Order
Export as new Build Order

Nerchio Zerg 

Build Orders: Hatch First, Roach Nydus 

Get SALT Encoding   

  12  0:01  Drone  
  13  0:13  Overlord  
  13  0:17  Drone  
  14  0:31  Drone x2  
  14  0:35  Drone  
  17  0:53  Hatchery  
  17  0:56  Drone  
  17  0:59  Drone  
  18  1:13  Spawning Pool  
  18  1:16  Extractor  
  18  1:18  Drone  
  17  1:21  Drone  
  18  1:28  Drone  
  19  1:39  Overlord  
  19  1:54  Drone  
  19  2:00  Queen  
  19  2:01  Zergling x2  
  23  2:04  Queen  
  23  2:05  Zergling x2  
  26  2:12  Drone  
  27  2:16  Drone  
  28  2:23  Drone  
  28  2:26  Drone  
  30  2:34  Drone  
  31  2:38  Lair  
  31  2:40  Queen  
  33  2:44  Overlord  
  33  2:46  Drone  
  33  2:49  Drone  
  35  2:52  Extractor  
  35  2:54  Drone  
  35  2:58  Drone  
  36  3:10  Drone x2  
  36  3:11  Drone  
  39  3:17  Roach Warren, Zergling x4  
  40  3:22  Overlord  
  40  3:29  Queen  
  41  3:37  Nydus Network  
  40  3:43  Overlord  
  42  3:56  Roach x2  
  42  3:59  Roach x3  
  42  4:02  Roach  
  51  4:06  Roach  
  53  4:16  Nydus Canal  
  53  4:18  Roach  
  55  4:25  Zergling x8  
  55  4:28  Overlord  
  59  4:44  Nydus Canal  
  59  4:45  Roach  
  57  4:48  Roach  
  57  4:50  Roach  
  56  4:56  Roach  
  54  5:02  Roach  
  54  5:05  Roach  
  53  5:09  Roach  
  52  5:17  Roach  
  52  5:18  Queen x2  
  52  5:19  Roach  
  58  5:24  Roach  
  58  5:29  Roach  
  58  5:32  Roach  
  60  5:37  Roach  
  60  5:45  Roach  
  60  5:47  Zergling x2  
  61  5:54  Roach, Queen  
  61  5:55  Roach  
  63  5:57  Roach  
  61  6:04  Roach  
  61  6:06  Roach  
  64  6:15  Roach  
  64  6:16  Roach  
  61  6:23  Queen  
  58  6:26  Roach  
  58  6:29  Overseer  
  60  6:36  Overseer  
  60  6:39  Zergling x2  
  50  6:43  Roach  
Show
View Real Time Build Order
Export as new Build Order

ShoWTimE Protoss - Winner!

Build Orders: Nexus First 

Get SALT Encoding   

  12  0:00  Probe (Chrono Boost)  
  13  0:11  Probe (Chrono Boost)  
  14  0:18  Pylon  
  14  0:22  Probe (Chrono Boost)  
  15  0:36  Probe (Chrono Boost)  
  16  0:46  Probe (Chrono Boost)  
  17  1:01  Nexus  
  17  1:12  Gateway  
  17  1:15  Probe (Chrono Boost)  
  18  1:22  Assimilator  
  18  1:26  Probe (Chrono Boost)  
  18  1:29  Assimilator  
  19  1:36  Probe (Chrono Boost)  
  21  1:47  Probe (Chrono Boost)  
  21  1:57  Probe (Chrono Boost)  
  21  1:59  Cybernetics Core  
  22  2:08  Probe (Chrono Boost)  
  23  2:14  Probe (Chrono Boost)  
  24  2:18  Probe (Chrono Boost)  
  25  2:23  Gateway  
  25  2:25  Probe (Chrono Boost)  
  25  2:29  Probe (Chrono Boost)  
  27  2:33  Mothership Core (Chrono Boost)  
  27  2:36  Adept (Chrono Boost)  
  31  2:40  Probe  
  31  2:43  Pylon  
  32  2:46  Warp Gate (Chrono Boost)  
  32  2:52  Probe x2  
  34  3:00  Adept (Chrono Boost)  
  34  3:03  Pylon  
  34  3:04  Probe  
  34  3:05  Probe  
  38  3:13  Twilight Council  
  38  3:16  Probe (Chrono Boost)  
  38  3:18  Probe (Chrono Boost)  
  40  3:23  Pylon  
  40  3:28  Probe (Chrono Boost)  
  40  3:30  Probe (Chrono Boost)  
  42  3:38  Probe (Chrono Boost)  
  42  3:40  Probe (Chrono Boost)  
  42  3:41  Stalker x2 (Chrono Boost)  
  44  3:46  Pylon  
  48  3:57  Gateway  
  48  3:59  Gateway  
  48  4:04  Pylon  
  48  4:06  Pylon  
  46  4:11  Pylon  
  46  4:12  Dark Shrine  
  46  4:16  Stalker  
  48  4:20  Stalker  
  48  4:23  Pylon  
  50  4:32  Gateway  
  46  4:53  Pylon  
  46  4:54  Stalker x3  
  46  4:59  Stalker  
  52  5:04  Pylon  
  52  5:08  Pylon  
  52  5:17  Stalker x2  
  52  5:18  Stalker  
  56  5:23  Probe x2  
  58  5:28  Zealot  
  58  5:35  Probe x2  
  56  5:45  Dark Templar  
  56  5:46  Zealot  
  56  5:47  Zealot x2  
  56  5:48  Probe x2  
  56  5:49  Pylon  
  64  5:52  Pylon x2  
  62  6:00  Probe x2  
  61  6:07  Zealot x3  
  67  6:13  Dark Templar  
  67  6:20  Probe  
  62  6:25  Zealot  
  62  6:26  Zealot  
  62  6:28  Assimilator  
  62  6:29  Assimilator  
  62  6:30  Probe  
  63  6:33  Stalker x2  
  63  6:37  Probe  
  54  6:50  Stalker  
  54  6:54  Probe  
  53  7:00  Stalker  
  53  7:01  Zealot x3  

Tags
 
Add a new tag
Caveats
  • Supply blocks, unpowered buildings, or Contaminate may cause inaccurate times.
  • Supply counts are checked every 10 seconds.